BSA
SO CAL BRUINS @ NEVADA NOISE
05/04/2029
 
TOP OF THE 1ST
So Cal Bruins batting - Pitching for Nevada Noise : RHP Isaac Pope
Pitching: RHP Isaac Pope
Batting: LHB Jesús Campos 0-0: Ball
1-0: Ball
2-0: Ball
3-0: Called Strike
3-1: Base on Balls
Batting: RHB Lawrence Schroeder 0-0: Ball
1-0: Swinging Strike
1-1: Ball
2-1: Fly out, F9 (Flyball, 9S)
Batting: RHB Earl Wiggins 0-0: Ball
1-0: Ball
2-0: Called Strike
2-1: Fly out, F8 (Flyball, 89D)
Batting: LHB José Antonio Santiago 0-0: 2-RUN HOME RUN (Flyball, 9LD), Distance : 369 ft
Batting: RHB Rubén Calderón 0-0: Foul Ball, location: 2F
0-1: Ball
1-1: Called Strike
1-2: Ball
2-2: Ball
3-2: Strikes out swinging
Top of the 1st over - 2 runs, 1 hit, 0 errors, 0 left on base; So Cal 2 - Nevada 0
BOTTOM OF THE 1ST
Nevada Noise batting - Pitching for So Cal Bruins : LHP Ramiro Jiménez
Pitching: LHP Ramiro Jiménez
Batting: RHB Pedro Rosado 0-0: Ball
1-0: Fly out, F8 (Flyball, 8RXD)
Batting: RHB Bill Mark 0-0: DOUBLE (Line Drive, 78D)
Batting: LHB Santiago Márquez 0-0: Called Strike
0-1: Ball
1-1: Foul Ball, location: 2F
1-2: Foul Ball, location: 2F
1-2: Strikes out swinging
Batting: RHB Luis Cruz 0-0: Ground out 4-3 (Groundball, 4M)
Bottom of the 1st over - 0 runs, 1 hit, 0 errors, 1 left on base; So Cal 2 - Nevada 0
TOP OF THE 2ND
So Cal Bruins batting - Pitching for Nevada Noise : RHP Isaac Pope
Batting: LHB Kiyonaga Morita 0-0: Swinging Strike
0-1: Swinging Strike
0-2: Strikes out swinging
Batting: LHB Jeff Carter 0-0: Called Strike
0-1: Swinging Strike
0-2: Strikes out swinging
Batting: RHB Javier Deleón 0-0: SINGLE (Groundball, 56D)
Batting: LHB Patrick Osborne 0-0: Swinging Strike
0-1: Ball
1-1: DOUBLE (Groundball, 5L)
Javier Deleón to third
Runner from 3rd tries for Home, SAFE, no throw
Batting: LHB Jesús Campos 0-0: Foul Ball, location: 2F
0-1: Ball
1-1: 2-RUN HOME RUN (Line Drive, 8LXD), Distance : 450 ft
Batting: RHB Lawrence Schroeder 0-0: Ball
1-0: Called Strike
1-1: Ball
2-1: Called Strike
2-2: Strikes out swinging
Top of the 2nd over - 3 runs, 3 hits, 0 errors, 0 left on base; So Cal 5 - Nevada 0
BOTTOM OF THE 2ND
Nevada Noise batting - Pitching for So Cal Bruins : LHP Ramiro Jiménez
Batting: SHB Víctor Serrano 0-0: Called Strike
0-1: Ball
1-1: Fly out, F9 (Flyball, 89D)
Batting: RHB Fernando Gálvez 0-0: Called Strike
0-1: DOUBLE (Groundball, 5L)
Batting: LHB Milton Watson 0-0: Ball
1-0: Called Strike
1-1: Ball
2-1: Ball
3-1: Foul Ball, location: 2F
3-2: DOUBLE (Line Drive, 7LD)
Fernando Gálvez scores
Batting: LHB Pablo Reyes 0-0: Swinging Strike
0-1: Ball
1-1: Foul Ball, location: 2F
1-2: Foul Ball, location: 2F
1-2: Foul Ball, location: 2F
1-2: Strikes out swinging
Batting: LHB Raúl Morales 0-0: Swinging Strike
0-1: Swinging Strike
0-2: Ball
1-2: Foul Ball, location: 2F
1-2: Strikes out looking
Bottom of the 2nd over - 1 run, 2 hits, 0 errors, 1 left on base; So Cal 5 - Nevada 1
TOP OF THE 3RD
So Cal Bruins batting - Pitching for Nevada Noise : RHP Isaac Pope
Batting: RHB Earl Wiggins 0-0: Ball
1-0: Ball
2-0: DOUBLE (Line Drive, 89XD)
Batting: LHB José Antonio Santiago 0-0: Ball
1-0: Called Strike
1-1: Ball
2-1: Ball
3-1: Base on Balls
Batting: RHB Rubén Calderón 0-0: Ball
1-0: Ball
2-0: Ball
3-0: Called Strike
3-1: Fly out, F9 (Flyball, 9S)
Batting: LHB Kiyonaga Morita 0-0: Called Strike
0-1: Fielders Choice at 2nd, 5-4 (Groundball, 56)
Earl Wiggins to third
Batting: LHB Jeff Carter 0-0: Ball
1-0: Foul Ball, location: 2F
1-1: Foul Ball, location: 2F
1-2: Ball
2-2: Ground out U3 (Groundball, 3)
Top of the 3rd over - 0 runs, 1 hit, 0 errors, 2 left on base; So Cal 5 - Nevada 1
BOTTOM OF THE 3RD
Nevada Noise batting - Pitching for So Cal Bruins : LHP Ramiro Jiménez
Batting: RHB Pedro Rosado 0-0: Foul Ball, location: 2F
0-1: Ground out 6-3 (Groundball, 6)
Batting: RHB Bill Mark 0-0: SINGLE (Line Drive, 89S)
Batting: LHB Santiago Márquez 0-0: Ball
1-0: Called Strike
1-1: Ball
2-1: Fly out, F9 (Flyball, 9LS)
Batting: RHB Luis Cruz 0-0: DOUBLE (Flyball, 9LD)
Bill Mark to third
Runner from 3rd tries for Home, SAFE, throw made at trailing runner, OUT at third!
Bottom of the 3rd over - 1 run, 2 hits, 0 errors, 0 left on base; So Cal 5 - Nevada 2
TOP OF THE 4TH
So Cal Bruins batting - Pitching for Nevada Noise : RHP Isaac Pope
Batting: RHB Javier Deleón 0-0: Ball
1-0: Foul Ball, location: 2F
1-1: Fly out, F8 (Flyball, 78D)
Batting: LHB Patrick Osborne 0-0: Called Strike
0-1: Swinging Strike
0-2: Ball
1-2: Foul Ball, location: 2F
1-2: Strikes out swinging
Batting: LHB Jesús Campos 0-0: Foul Ball, location: 2F
0-1: Called Strike
0-2: Ball
1-2: Ball
2-2: Fly out, F8 (Flyball, 8RM)
Top of the 4th over - 0 runs, 0 hits, 0 errors, 0 left on base; So Cal 5 - Nevada 2
BOTTOM OF THE 4TH
Nevada Noise batting - Pitching for So Cal Bruins : LHP Ramiro Jiménez
Batting: SHB Víctor Serrano 0-0: Ball
1-0: Foul Ball, location: 2F
1-1: Ball
2-1: SINGLE (Groundball, 6MD)
Batting: RHB Fernando Gálvez 0-0: Ball
1-0: Ball
2-0: Ball
3-0: Grounds out, U3 (Groundball, 3L)
Batting: LHB Milton Watson 0-0: Ball
1-0: Foul Ball, location: 2F
1-1: Ball
2-1: Foul Ball, location: 2F
2-2: Fly out, F6 (Popup, 6M)
Batting: LHB Pablo Reyes 0-0: Ball
1-0: Ball
2-0: Swinging Strike
2-1: Foul Ball, location: 2F
2-2: Ball
3-2: Foul Ball, location: 2F
3-2: Fly out, F7 (Flyball, 78M)
Bottom of the 4th over - 0 runs, 1 hit, 0 errors, 1 left on base; So Cal 5 - Nevada 2
TOP OF THE 5TH
So Cal Bruins batting - Pitching for Nevada Noise : RHP Isaac Pope
Batting: RHB Lawrence Schroeder 0-0: Foul Ball, location: 2F
0-1: Ball
1-1: Ball
2-1: Swinging Strike
2-2: Ground out 5-3 (Groundball, 56)
Batting: RHB Earl Wiggins 0-0: Ball
1-0: Ground out 6-3 (Groundball, 6)
Batting: LHB José Antonio Santiago 0-0: Ball
1-0: Swinging Strike
1-1: Ball
2-1: Foul Ball, location: 2F
2-2: Ball
3-2: Strikes out swinging
Top of the 5th over - 0 runs, 0 hits, 0 errors, 0 left on base; So Cal 5 - Nevada 2
BOTTOM OF THE 5TH
Nevada Noise batting - Pitching for So Cal Bruins : LHP Ramiro Jiménez
Batting: LHB Raúl Morales 0-0: Ball
1-0: SINGLE (Line Drive, 7S)
Pitching: LHP Jesús González
Batting: RHB Pedro Rosado 0-0: Foul Ball, location: 2F
0-1: Foul Ball, location: 2F
0-2: Ball
1-2: Grounds into double play, 4-6-3 (Groundball, 4)
Batting: RHB Bill Mark 0-0: SINGLE (Groundball, 5D)
Batting: LHB Santiago Márquez 0-0: Ball
1-0: Swinging Strike
1-1: Ball
2-1: Called Strike
2-2: Ground out U3 (Groundball, 3)
Bottom of the 5th over - 0 runs, 2 hits, 0 errors, 1 left on base; So Cal 5 - Nevada 2
TOP OF THE 6TH
So Cal Bruins batting - Pitching for Nevada Noise : RHP Isaac Pope
Batting: RHB Rubén Calderón 0-0: Called Strike
0-1: Ball
1-1: Fly out, F8 (Flyball, 8LM)
Batting: LHB Kiyonaga Morita 0-0: Swinging Strike
0-1: Ball
1-1: Ball
2-1: Foul Ball, location: 2F
2-2: Strikes out swinging
Batting: LHB Jeff Carter 0-0: Called Strike
0-1: Ball
1-1: Called Strike
1-2: Ball
2-2: Ball
3-2: Base on Balls
Batting: RHB Javier Deleón 0-0: Ball
1-0: Foul Ball, location: 2F
1-1: Ball
2-1: Foul Ball, location: 2F
2-2: Ball
3-2: SINGLE (Line Drive, 6MD)
Jeff Carter to second
Jeff Carter to third
Batting: LHB Patrick Osborne 0-0: Called Strike
0-1: Ball
1-1: Ground out U3 (Groundball, 3)
Top of the 6th over - 0 runs, 1 hit, 0 errors, 2 left on base; So Cal 5 - Nevada 2
BOTTOM OF THE 6TH
Nevada Noise batting - Pitching for So Cal Bruins : LHP Jesús González
Batting: RHB Luis Cruz 0-0: Called Strike
0-1: Ball
1-1: Ball
2-1: Swinging Strike
2-2: Ball
3-2: Base on Balls
Batting: SHB Víctor Serrano 0-0: Ball
1-0: Ball
2-0: Ball
3-0: Fly out, F8 (Flyball, 89D)
Batting: RHB Fernando Gálvez 0-0: Ball
1-0: Ball
2-0: Called Strike
2-1: Swinging Strike
2-2: Ball
3-2: Base on Balls
Luis Cruz to second
Batting: LHB Milton Watson 0-0: Ball
1-0: Ball
2-0: Ball
3-0: Called Strike
3-1: DOUBLE (Flyball, 8RXD)
Luis Cruz scores
Fernando Gálvez to third
Batting: LHB Pablo Reyes 0-0: Ball
1-0: Called Strike
1-1: Ball
2-1: Ball
3-1: Base on Balls
Batting: LHB Raúl Morales 0-0: Ball
1-0: Grounds into fielders choice 3-2 (Groundball, 3L)
Milton Watson to third
Pablo Reyes to second
Batting: RHB Pedro Rosado 0-0: Foul Ball, location: 2F
0-1: Ball
1-1: Ball
2-1: Ground out 1-3 (Groundball, 13S)
Bottom of the 6th over - 1 run, 1 hit, 0 errors, 3 left on base; So Cal 5 - Nevada 3
TOP OF THE 7TH
So Cal Bruins batting - Pitching for Nevada Noise : RHP Isaac Pope
Pitching: RHP Luis Cortéz
Batting: LHB Jesús Campos 0-0: Foul Ball, location: 2F
0-1: Fly out, F9 (Flyball, 89M)
Batting: RHB Lawrence Schroeder 0-0: Called Strike
0-1: Ground out 6-3 (Groundball, 6)
Batting: RHB Earl Wiggins 0-0: Called Strike
0-1: SINGLE (Line Drive, 6M)
Pitching: LHP Yoshihiro Hasegawa
Batting: LHB José Antonio Santiago 0-0: 2-RUN HOME RUN (Flyball, 9LD), Distance : 381 ft
Pitching: LHP Ignacio Colón
Batting: RHB Rubén Calderón 0-0: Ball
1-0: Swinging Strike
1-1: Ball
2-1: Swinging Strike
2-2: Strikes out looking
Top of the 7th over - 2 runs, 2 hits, 0 errors, 0 left on base; So Cal 7 - Nevada 3
BOTTOM OF THE 7TH
Nevada Noise batting - Pitching for So Cal Bruins : LHP Jesús González
Batting: RHB Bill Mark 0-0: Ground out 6-3 (Groundball, 6)
Batting: LHB Santiago Márquez 0-0: Ball
1-0: Fly out, F9 (Line Drive, 9)
Batting: RHB Luis Cruz 0-0: Called Strike
0-1: Ball
1-1: Foul Ball, location: 2F
1-2: Ball
2-2: Ball
3-2: Foul Ball, location: 2F
3-2: Base on Balls
Batting: SHB Víctor Serrano 0-0: Ball
1-0: Ball
2-0: Ball
3-0: Called Strike
3-1: Foul Ball, location: 2F
3-2: Ground out 5-3 (Groundball, 56S)
Bottom of the 7th over - 0 runs, 0 hits, 0 errors, 1 left on base; So Cal 7 - Nevada 3
TOP OF THE 8TH
So Cal Bruins batting - Pitching for Nevada Noise : LHP Ignacio Colón
Batting: LHB Kiyonaga Morita 0-0: Ball
1-0: Fly out, F6 (Line Drive, 6M)
Batting: LHB Jeff Carter 0-0: Called Strike
0-1: Swinging Strike
0-2: Ball
1-2: Strikes out looking
Batting: RHB Javier Deleón 0-0: Called Strike
0-1: Fly out, F9 (Flyball, 9D)
Top of the 8th over - 0 runs, 0 hits, 0 errors, 0 left on base; So Cal 7 - Nevada 3
BOTTOM OF THE 8TH
Nevada Noise batting - Pitching for So Cal Bruins : LHP Jesús González
Batting: RHB Fernando Gálvez 0-0: Called Strike
0-1: Foul Ball, location: 2F
0-2: Ball
1-2: SINGLE (Groundball, 56D)
Batting: LHB Milton Watson 0-0: Ball
1-0: Ball
2-0: Called Strike
2-1: Ball
3-1: Swinging Strike
3-2: Foul Ball, location: 2F
3-2: Base on Balls
Fernando Gálvez to second
Pitching: RHP Marty Burgess
Batting: LHB Pablo Reyes 0-0: Swinging Strike
0-1: Foul Ball, location: 2F
0-2: Ball
1-2: Ball
2-2: Ball
3-2: Foul Ball, location: 2F
3-2: Strikes out swinging
Batting: LHB Raúl Morales 0-0: Ball
1-0: Called Strike
1-1: Called Strike
1-2: Ball
2-2: Strikes out looking
Batting: RHB Pedro Rosado 0-0: Foul Ball, location: 2F
0-1: Foul Ball, location: 2F
0-2: Ball
1-2: Strikes out looking
Bottom of the 8th over - 0 runs, 1 hit, 0 errors, 2 left on base; So Cal 7 - Nevada 3
TOP OF THE 9TH
So Cal Bruins batting - Pitching for Nevada Noise : LHP Ignacio Colón
Pitching: LHP Mark Murchison
Batting: LHB Patrick Osborne 0-0: Fly out, F9 (Flyball, 9)
Batting: LHB Jesús Campos 0-0: Ball
1-0: Foul Ball, location: 2F
1-1: Foul Ball, location: 2F
1-2: Foul Ball, location: 2F
1-2: Foul Ball, location: 2F
1-2: Ball
2-2: Foul Ball, location: 2F
2-2: Foul Ball, location: 2F
2-2: Ground out U3 (Groundball, 3)
Batting: RHB Lawrence Schroeder 0-0: Called Strike
0-1: Ball
1-1: Foul Ball, location: 2F
1-2: Ground out 6-3 (Groundball, 6)
Top of the 9th over - 0 runs, 0 hits, 0 errors, 0 left on base; So Cal 7 - Nevada 3
BOTTOM OF THE 9TH
Nevada Noise batting - Pitching for So Cal Bruins : RHP Marty Burgess
Batting: RHB Bill Mark 0-0: Called Strike
0-1: Ground out 6-3 (Groundball, 6)
Batting: LHB Santiago Márquez 0-0: Foul Ball, location: 2F
0-1: Swinging Strike
0-2: Strikes out swinging
Batting: RHB Luis Cruz 0-0: Fly out, F9 (Flyball, 89S)
Bottom of the 9th over - 0 runs, 0 hits, 0 errors, 0 left on base; So Cal 7 - Nevada 3
Saturday, December 16th, 2017 - OOTP Baseball 18.8 Build 76